 Dungeon Sprint DCSS version 0.29.1-15-g9cfb28693d (webtiles) character file.

Game seed: 16551539225757078396

18796 Groucho the Timeless (level 12, -3/128 HPs)
             Began as a Naga Fighter on Mar 11, 2023.
             Was a High Priest of Cheibriados.
             Slain by an orc knight
             ... wielding a +2 glaive of freezing
              (9 damage)
             ... in the Dungeon (Sprint VII: "The Pits").
             The game lasted 00:10:05 (5024 turns).

Groucho the Timeless (Naga Fighter)                 Turns: 5024, Time: 00:10:06

Health: -3/128     AC: 23    Str: 36    XL:     12   Next: 62%
Magic:  3/24       EV:  6    Int: 21    God:    Cheibriados [*****.]
Gold:   21         SH: 10    Dex: 35    Spells: 24/24 levels left

rFire   . . .      SeeInvis +   k - +1 broad axe "Zabiwo" {vorpal, rN++ Int-4 Dex+8 Stlth-}
rCold   . . .      Faith    .   c - +0 buckler
rNeg    + + .      Spirit   .   u - +3 plate armour
rPois   +          Reflect  .   (no helmet)
rElec   .          Harm     .   z - +2 cloak
rCorr   .          Rampage  .   (no gloves)
Will    +....      NoTele   +   (no barding)
Stlth   ..........              (no amulet)
HPRegen 0.31/turn               q - +3 ring of strength
MPRegen 0.19/turn               r - +3 ring of protection

@: very slow
A: AC +4, large, see invisible, deformed body, poison resistance, slowness 2,
spit poison 1, naga tail 1
a: Spit Poison, Renounce Religion, Bend Time, Temporal Distortion, Slouch, Step
From Time


You were in the Dungeon.
You worshipped Cheibriados.
Cheibriados was extremely pleased with you.
You visited 1 branch You collected 21 gold pieces.

Inventory:

Hand Weapons
 a - a +2 flail of protection
 k - the +1 broad axe "Zabiwo" (weapon) {vorpal, rN++ Int-4 Dex+8 Stlth-}
   (You found it in the Dungeon)

   It inflicts extra damage upon your enemies.
   Int:       It affects your intelligence (-4).
   Dex:       It affects your dexterity (+8).
   rN:        It greatly protects you from negative energy.
   Stlth:     It makes you less stealthy.
Missiles
 o - 18 stones
 p - 2 throwing nets
Armour
 b - a +0 cloak
 c - a +0 buckler (worn)
 u - a +3 plate armour (worn)
 z - a +2 cloak (worn)
Jewellery
 q - a +3 ring of strength (left hand)
 r - a +3 ring of protection (right hand)
 B - a ring of fire
 C - a ring of willpower
Scrolls
 j - 3 scrolls of blinking
 m - 5 scrolls of amnesia
 n - a scroll of summoning
 v - 3 scrolls of butterflies
 x - 4 scrolls of enchant armour
 y - 4 scrolls of fear
 A - 2 scrolls of identify
Potions
 d - 5 potions of might
 e - 7 potions of curing
 f - 8 potions of heal wounds
 g - a potion of haste
 h - 2 potions of magic
 i - 4 potions of berserk rage
 l - 2 potions of invisibility
 s - 2 potions of brilliance
 t - 4 potions of mutation
 w - a potion of resistance


   Skills:
 + Level 14.2 Fighting
 + Level 13.9 Axes
 + Level 12.0 Armour
 + Level 13.0 Shields
 + Level 6.6 Spellcasting
 - Level 17.2 Invocations


You had 24 spell levels left.
You didn't know any spells.
Your spell library contained the following spells:

 Spells                   Type           Power      Damage    Failure   Level
 Sublimation of Blood     Necr           6%         N/A       58%         2
 Wereblood                Tmut           6%         N/A       58%         2
 Summon Hydra             Summ           3%         N/A       100%        7


Dungeon Overview and Level Annotations

Branches:
Dungeon (1/1)

Altars:
Ashenzari
Cheibriados
Dithmenos
Elyvilon
Fedhas
Gozag
Hepliaklqana
Kikubaaqudgha
Makhleb
Nemelex Xobeh
Okawaru
Qazlal
Ru
Sif Muna
Trog
Uskayaw
Vehumet
Wu Jian
Xom
Yredelemnul
Zin
The Shining One
Jiyva
Lugonu


Innate Abilities, Weirdness & Mutations

Your serpentine skin is tough. (AC +4)
You have supernaturally acute eyesight. (SInv)
Armour fits poorly on your strangely shaped body.
Your system is resistant to poisons. (rPois)
You cover ground very slowly.
You can spit poison.
You have a snake-like lower body.


Message History

The orc knights go into a battle-frenzy!
A naga warrior comes into view. It is wielding a +0 halberd.
Items here: )) [ †.
You closely miss the vault guard.
The orc knight shouts!
You block the vault guard's attack.
The orc knight roars a battlecry!
You slice the vault guard!!
The vault guard is moderately wounded.
The vault guard hits you with a +0 battleaxe!!
You closely miss the vault guard.
The vault guard is moderately wounded.
The vault guard hits you with a +0 battleaxe!!
* * * LOW HITPOINT WARNING * * *
You block the orc knight's attack. You block the naga warrior's attack.
You slash the vault guard!
The vault guard is heavily wounded.
The vault guard barely misses you.
The naga warrior hits you from afar with a +0 halberd!
* * * LOW HITPOINT WARNING * * *
The orc knight hits you but does no damage.
Unknown command.
Unknown command.
Unknown command.
Unknown command.
You feel much better. You block the vault guard's attack.
The orc knight hits you from afar with a +2 glaive of freezing!
* * * LOW HITPOINT WARNING * * *
The orc knight freezes you!
* * * LOW HITPOINT WARNING * * *
The naga warrior hits you but does no damage.
You feel much better.
A water elemental comes into view.
The vault guard hits you but does no damage.
The naga warrior hits you from afar with a +0 halberd.
* * * LOW HITPOINT WARNING * * *
The orc knight hits you from afar with a +2 glaive of freezing!!
* * * LOW HITPOINT WARNING * * *
The orc knight freezes you!
You die...

#++#############################
#.............).................
#......)......)@poo..)..........
#..##############N'#############
#..# .)...# #..# E.)...# #..#
#.....E# #..# ###..### #..# ....
#..# .... ##..#


You could see a naga warrior, a vault guard, 2 orc knights and a water elemental
(wandering).

Vanquished Creatures
  Frances (D)
  A stone giant (D)
  An eidolon (D)
  Harold (D)
  A catoblepas (D)
  2 merfolk aquamancers (D)
  A naga warrior (D)
  A shadow wraith (D)
  A deep troll (D)
  A spriggan druid (D)
  A bog body (D)
  A lindwurm (D)
  3 deep elf pyromancers (D)
  3 orc knights (D)
  An orc sorcerer (D)
  A cyclops (D)
  An ugly thing (D)
  An elephant (D)
  A black mamba (D)
  A molten gargoyle (D)
  A demonic crawler (D)
  An efreet (D)
  A komodo dragon (D)
  2 hellwings (D)
  3 merfolk (D)
  A polar bear (D)
  A hornet (D)
  A ynoxinul (D)
  5 water elementals (D)
  A basilisk (D)
  2 wraiths (D)
  A fire bat (D)
  4 yaks (D)
  A steam dragon (D)
  Grum (D)
  3 redbacks (D)
  An acid dragon (D)
  2 small abominations (D)
  Pargi (D)
  2 floating eyes (D)
  An ice beast (D)
  A sky beast (D)
  A black bear (D)
  An ogre (D)
  2 centaurs (D)
  A phantom (D)
  A kobold brigand (D)
  A necrophage (D)
  2 iron imps (D)
  A jelly (D)
  A hound (D)
  Crazy Yiuf (D)
  A gnoll (D)
  An adder (D)
  2 river rats (D)
  A white imp (D)
  A worm (D)
  A bat (D)
  A bat zombie (D)
  A kobold (D)
  3 ball pythons (D)
  2 goblins (D)
  2 rats (D)
90 creatures vanquished.

Vanquished Creatures (others)
  An adder (D)
1 creature vanquished.

Grand Total: 91 creatures vanquished

Notes
Turn   | Place    | Note
-------+----------+-------------------------------------------
     0 | D        | Groucho the Naga Fighter began the quest for the Orb.
     0 | D        | Reached XP level 1. HP: 21/21 MP: 1/1
    19 | D        | Reached XP level 2. HP: 18/28 MP: 2/2
   348 | D        | Found a bloodstained altar of Trog.
   348 | D        | Found a shimmering blue altar of Sif Muna.
   348 | D        | Found a viscous altar of Jiyva.
   348 | D        | Found a hazy altar of Hepliaklqana.
   348 | D        | Found an opulent altar of Gozag.
   349 | D        | Found a glowing golden altar of the Shining One.
   349 | D        | Found a glowing silver altar of Zin.
   349 | D        | Found a basalt altar of Yredelemnul.
   349 | D        | Found a shimmering altar of Xom.
   349 | D        | Found an ornate altar of the Wu Jian Council.
   349 | D        | Found a sacrificial altar of Ru.
   349 | D        | Found a stormy altar of Qazlal.
   349 | D        | Found an iron altar of Okawaru.
   349 | D        | Found a sparkling altar of Nemelex Xobeh.
   349 | D        | Found a burning altar of Makhleb.
   349 | D        | Found a blossoming altar of Fedhas.
   349 | D        | Found a white marble altar of Elyvilon.
   349 | D        | Found a shadowy altar of Dithmenos.
   349 | D        | Found a snail-covered altar of Cheibriados.
   351 | D        | Found a radiant altar of Vehumet.
   351 | D        | Found a corrupted altar of Lugonu.
   352 | D        | Found a hide-covered altar of Uskayaw.
   352 | D        | Found an ancient bone altar of Kikubaaqudgha.
   352 | D        | Found a broken altar of Ashenzari.
   364 | D        | Became a worshipper of Cheibriados the Contemplative
   384 | D        | Reached * piety under Cheibriados
   395 | D        | Reached ** piety under Cheibriados
   408 | D        | Reached *** piety under Cheibriados
   423 | D        | Reached **** piety under Cheibriados
   424 | D        | Reached XP level 3. HP: 4/37 MP: 3/3
  1006 | D        | Noticed a kobold brigand
  1006 | D        | Noticed a fire bat
  1007 | D        | Noticed a floating eye
  1008 | D        | Noticed a necrophage
  1010 | D        | Paralysed by a floating eye for 3 turns
  1016 | D        | Killed a fire bat
  1017 | D        | Reached skill level 5 in Fighting
  1017 | D        | Reached skill level 5 in Axes
  1017 | D        | Reached skill level 5 in Shields
  1017 | D        | Reached skill level 5 in Invocations
  1017 | D        | Reached XP level 4. HP: 35/48 MP: 3/7
  1017 | D        | Reached XP level 5. HP: 40/55 MP: 3/8
  1019 | D        | Paralysed by a floating eye for 4 turns
  1024 | D        | Paralysed by a floating eye for 3 turns
  1025 | D        | Reached skill level 5 in Armour
  1025 | D        | Reached skill level 6 in Invocations
  1025 | D        | Reached XP level 6. HP: 36/62 MP: 3/10
  1028 | D        | Reached ***** piety under Cheibriados
  1028 | D        | Killed a floating eye
  1029 | D        | Reached skill level 7 in Invocations
  1031 | D        | Reached XP level 7. HP: 37/72 MP: 5/12
  1429 | D        | Noticed Pargi
  1436 | D        | Killed Pargi
  1437 | D        | Reached skill level 8 in Invocations
  1439 | D        | Noticed Grum
  1443 | D        | Killed Grum
  1444 | D        | Reached skill level 9 in Invocations
  1445 | D        | Noticed Crazy Yiuf
  1450 | D        | Paralysed by a floating eye for 4 turns
  1456 | D        | Killed Crazy Yiuf
  1457 | D        | Reached XP level 8. HP: 42/81 MP: 0/15
  1801 | D        | Reached ****** piety under Cheibriados
  1802 | D        | Reached skill level 10 in Invocations
  1863 | D        | Got the +1 broad axe "Zabiwo" {vorpal, rN++ Int-4 Dex+8
                  | Stlth-}
  1918 | D        | Noticed a deep elf pyromancer
  1925 | D        | Killed a deep elf pyromancer
  1926 | D        | Reached skill level 11 in Invocations
  2366 | D        | Noticed a polar bear
  2367 | D        | Noticed a bog body
  2367 | D        | Noticed a demonic crawler
  2370 | D        | Killed a polar bear
  2371 | D        | Reached XP level 9. HP: 91/91 MP: 17/17
  2374 | D        | Noticed a deep elf pyromancer
  2375 | D        | Noticed an efreet
  2376 | D        | Noticed a brown ugly thing
  2376 | D        | Noticed a hellwing
  2376 | D        | Killed a demonic crawler
  2376 | D        | Killed a deep elf pyromancer
  2377 | D        | Reached skill level 12 in Invocations
  2377 | D        | Killed a hellwing
  2377 | D        | Killed a bog body
  2377 | D        | Killed an efreet
  2378 | D        | Reached skill level 10 in Fighting
  2378 | D        | Reached skill level 13 in Invocations
  2378 | D        | Reached XP level 10. HP: 73/103 MP: 2/20
  2379 | D        | Killed a brown ugly thing
  2380 | D        | Reached skill level 10 in Axes
  2380 | D        | Reached skill level 14 in Invocations
  2660 | D        | Noticed Harold
  2661 | D        | Noticed a deep elf pyromancer
  2664 | D        | Killed Harold
  2664 | D        | Killed a deep elf pyromancer
  2665 | D        | Reached skill level 10 in Shields
  2665 | D        | Reached skill level 15 in Invocations
  2955 | D        | Noticed a catoblepas
  2955 | D        | Noticed a molten gargoyle
  2958 | D        | Killed a molten gargoyle
  2960 | D        | Killed a catoblepas
  2961 | D        | Reached XP level 11. HP: 88/111 MP: 6/22
  3258 | D        | Noticed an orc sorcerer
  3258 | D        | Noticed a spriggan druid
  3258 | D        | Noticed an eidolon
  3259 | D        | Noticed a cyclops
  3260 | D        | Noticed a sixfirhy
  3260 | D        | Noticed a sun demon
  3260 | D        | Killed a spriggan druid
  3260 | D        | Noticed a shadow wraith
  3261 | D        | Reached skill level 16 in Invocations
  3261 | D        | Killed an orc sorcerer
  3262 | D        | Reached skill level 10 in Armour
  3262 | D        | Killed an eidolon
  3263 | D        | Killed a cyclops
  3263 | D        | Killed a shadow wraith
  3264 | D        | Reached skill level 17 in Invocations
  3439 | D        | Reached skill level 1 in Spellcasting
  3809 | D        | Noticed a lindwurm
  3810 | D        | Noticed a deep troll
  3813 | D        | Killed a lindwurm
  3829 | D        | Killed a deep troll
  4642 | D        | Noticed Frances
  4644 | D        | Noticed a sixfirhy
  4650 | D        | Killed Frances
  4651 | D        | Reached XP level 12. HP: 61/126 MP: 8/24
  4960 | D        | Noticed a stone giant
  4966 | D        | Killed a stone giant
  4992 | D        | Noticed a merfolk aquamancer
  4992 | D        | Noticed a merfolk aquamancer
  4996 | D        | Reached skill level 5 in Spellcasting
  4996 | D        | Killed a merfolk aquamancer
  4996 | D        | Killed a merfolk aquamancer
  5006 | D        | Noticed a naga warrior
  5016 | D        | Killed a naga warrior
  5017 | D        | Noticed a vault guard
  5018 | D        | Noticed a naga warrior
  5024 | D        | HP: 6/128 [orc knight/+2 glaive of freezing (20)]
  5024 | D        | Slain by an orc knight

Illustrated notes

Levels and vault maps discovered:
D:        pitsprint [storerooms_1, entrance_room_1, metal_vault_4, armoury_1,
          mini_pit_1, grid_room_1, main_hall_1, silver_pit, the_coven_1,
          the_vestibule_1, steel_vault_3, golden_pit, hallway_of_sentries,
          crystal_vault_6, iron_vault_5, final_vault]

Skill      XL: |  1  2  3  4  5  6  7  8  9 10 11 12 |
---------------+-------------------------------------+-----
Shields        | 3 4 5 6 7 8 9 10 12 13 | 13.0
Armour         | 3 4 5 6 7 8 9 11 12 | 12.0
Axes           | 3 5 6 7 8 9 11 12 13 | 13.9
Fighting       | 4 5 6 7 8 9 10 11 13 14 | 14.2
Invocations    | 5 6 7 9 11 13 15 17 | 17.2
Spellcasting   | 4 6 |  6.6

Action                   |  1- 3 |  4- 6 |  7- 9 | 10-12 || total
-------------------------+-------+-------+-------+-------++-------
Melee: War axe           |     9 |       |       |       ||     9
       Hand axe          |    34 |     7 |    23 |       ||    64
       Broad axe         |       |       |    13 |    67 ||    80
Invok: Slouch            |       |     1 |     8 |    26 ||    35
 Abil: Spit Poison       |       |       |       |     1 ||     1
  Use: Potion            |     1 |     1 |     1 |     9 ||    12
 Stab: Petrified         |       |       |       |     4 ||     4
Armor: Scale mail        |    12 |       |       |       ||    12
       Plate armour      |    12 |     4 |    32 |    81 ||   129
Dodge: Dodged            |    21 |     1 |    14 |    28 ||    64
Block: Buckler           |     7 |       |    31 |    71 ||   109
